AoeStats
← ELPROFE

Arena

505579616Analyzed
4v4 RM · 22d ago on Sep 10, 2026· 74m 34s· 8 players
Game mode
Random Map
Map size
Large (8 player)
Population
200
Speed
Normal
Resources
Standard
Victory
Conquest
Starting age
Dark Age
Ending age
Imperial Age
RankedLock teamsTeams togetherTeam positionsShared explorationLock speedFull tech treeHidden civsTurbo modeCheats
Victory
Defeat
🇵🇪 Khmer · Peru
721
+15
🇵🇪 Cumans · Peru
709
+16
🇵🇪 Bohemians · Peru
709
+16
🇨🇦 Spanish · Canada
688
+17
🇦🇷 Persians · Argentina
720
-17
🇫🇷 Khmer · France
715
-16
🇵🇪 Byzantines · Peru
711
-16
🇦🇷 Celts · Argentina
673
-15
vajamian
13:54 Feudal Age
14:28 Horse Collar
14:39 Double-Bit Axe
15:42 Wheelbarrow
15:46 Loom
19:56 Forging
19:47 Scale Mail Armor
20:56 Bloodlines
23:56 Scale Barding Armor
29:04 Castle Age
30:11 Caravan
30:14 Heavy Plow
30:29 Bow Saw
31:53 Fervor
32:25 Husbandry
31:49 Pikeman
32:29 Squires
33:13 Hand Cart
35:42 Fletching
35:53 Padded Archer Armor
36:28 Iron Casting
36:09 Chain Mail Armor
36:34 Chain Barding Armor
37:55 Leather Archer Armor
38:05 Bodkin Arrow
43:22 Imperial Age
45:10 Chemistry
45:19 Two-Man Saw
44:43 Conscription
44:03 Halberdier
46:10 Cavalier
47:04 Elite Conquistador
48:37 Plate Barding Armor
48:03 Bracer
48:37 Ring Archer Armor
49:31 Blast Furnace
49:10 Plate Mail Armor
51:00 Paladin
FLOW
10:34 Feudal Age
11:28 Double-Bit Axe
13:00 Wheelbarrow
17:09 Loom
17:12 Town Watch
18:37 Man-at-Arms
26:11 Gold Mining
26:14 Stone Mining
30:53 Castle Age
29:29 Horse Collar
30:20 Forging
30:15 Scale Barding Armor
31:48 Long Swordsman
31:48 Pikeman
38:15 Imperial Age
36:45 Iron Casting
36:31 Chain Barding Armor
36:49 Padded Archer Armor
36:49 Scale Mail Armor
37:37 Hand Cart
38:46 Caravan
39:37 Heavy Plow
40:00 Bow Saw
41:28 Gold Shaft Mining
41:58 Blast Furnace
41:34 Plate Barding Armor
40:49 Fletching
41:40 Ballistics
42:19 Bloodlines
43:59 Two-Man Saw
46:23 Plate Barding Armor
48:12 Chemistry
53:33 Elite Steppe Lancer
54:40 Cuman Mercenaries
54:41 Steppe Husbandry
63:56 Fletching
64:21 Leather Archer Armor
64:21 Chain Mail Armor
64:19 Masonry
64:05 Murder Holes
68:12 Onager
71:11 Siege Onager
BodakYellow
11:55 Feudal Age
15:56 Castle Age
15:38 Double-Bit Axe
30:41 Forging
30:37 Scale Barding Armor
31:22 Caravan
31:52 Coinage
31:36 Loom
31:38 Town Watch
32:29 Wheelbarrow
33:57 Husbandry
34:41 Hand Cart
40:29 Imperial Age
38:00 Town Patrol
38:38 Iron Casting
38:23 Chain Barding Armor
38:06 Scale Mail Armor
40:12 Chemistry
39:23 Masonry
39:08 Murder Holes
38:54 Treadmill Crane
39:27 Fortified Wall
41:24 Bow Saw
41:11 Elite Hussite Wagon
41:24 Cavalier
41:49 Houfnice
43:21 Architecture
43:00 Siege Engineers
44:02 Two-Man Saw
45:47 Banking
45:27 Guilds
46:32 Horse Collar
53:43 Onager
63:58 Blast Furnace
62:59 Padded Archer Armor
63:15 Chain Mail Armor
62:50 Fletching
63:28 Sappers
64:18 Conscription
64:08 Wagenburg Tactics
67:48 Bodkin Arrow
68:24 Plate Mail Armor
ELPROFE
9:33 Feudal Age
10:54 Double-Bit Axe
11:45 Horse Collar
16:13 Wheelbarrow
20:05 Castle Age
20:43 Bloodlines
21:15 Bow Saw
21:06 Gold Mining
22:48 Gold Shaft Mining
23:01 Scale Barding Armor
24:15 Chain Barding Armor
24:21 Stone Mining
25:36 Hand Cart
30:20 Stone Shaft Mining
29:17 Light Cavalry
30:51 Heavy Plow
36:21 Imperial Age
35:43 Husbandry
38:26 Caravan
38:44 Heavy Scorpion
40:14 Hussar
41:27 Double Crossbow
42:52 Plate Barding Armor
42:27 Forging
45:21 Chemistry
44:42 Ballistics
44:34 Siege Engineers
DK
11:14 Feudal Age
18:47 Castle Age
16:56 Double-Bit Axe
17:07 Horse Collar
20:16 Fletching
24:12 Elite Skirmisher
24:16 Pikeman
24:56 Squires
26:22 Squires
30:02 Wheelbarrow
30:36 Bodkin Arrow
33:50 Imperial Age
32:11 Scale Mail Armor
32:21 Forging
33:48 Chain Mail Armor
34:30 Iron Casting
35:16 Hand Cart
35:33 Bracer
37:50 Plate Mail Armor
36:43 Halberdier
40:41 Chemistry
40:07 Bow Saw
40:00 Heavy Plow
40:04 Padded Archer Armor
40:45 Conscription
40:34 Murder Holes
41:12 Guilds
41:07 Caravan
41:35 Leather Archer Armor
43:37 Ballistics
44:26 Ring Archer Armor
50:02 Scale Barding Armor
50:11 Husbandry
49:31 Heavy Camel Rider
53:32 Chain Barding Armor
56:00 Plate Barding Armor
57:25 Gold Mining
59:14 Light Cavalry
62:24 Hussar
67:19 Two-Man Saw
72:51 Gold Shaft Mining
forrajeria.kevin
13:46 Feudal Age
15:51 Horse Collar
20:29 Stone Mining
22:01 Gold Mining
27:15 Castle Age
26:53 Wheelbarrow
27:07 Fletching
27:18 Padded Archer Armor
27:15 Man-at-Arms
29:01 Pikeman
35:06 Heavy Plow
35:50 Caravan
38:37 Stone Shaft Mining
39:04 Hand Cart
38:37 Town Watch
40:19 Double-Bit Axe
40:38 Town Patrol
40:27 Loom
41:58 Bow Saw
44:53 Gold Shaft Mining
44:17 Bodkin Arrow
44:32 Forging
44:23 Scale Mail Armor
44:39 Leather Archer Armor
44:29 Scale Barding Armor
44:50 Murder Holes
45:06 Fortified Wall
44:36 Treadmill Crane
48:40 Imperial Age
47:55 Chain Mail Armor
48:16 Iron Casting
49:14 Halberdier
50:42 Ring Archer Armor
52:45 Plate Mail Armor
53:15 Blast Furnace
52:36 Chain Barding Armor
52:28 Heavy Scorpion
56:02 Chemistry
57:32 Elite Woad Raider
59:26 Conscription
jpd17
12:28 Feudal Age
13:45 Wheelbarrow
13:23 Horse Collar
13:49 Double-Bit Axe
19:30 Gold Mining
22:16 Castle Age
22:30 Bloodlines
23:11 Husbandry
24:30 Bow Saw
24:59 Gold Shaft Mining
24:27 Heavy Plow
28:00 Stone Mining
29:22 Scale Barding Armor
31:28 Chain Barding Armor
31:49 Town Watch
34:10 Hand Cart
34:22 Town Patrol
34:17 Fletching
35:20 Stone Shaft Mining
34:39 Loom
39:00 Imperial Age
38:04 Bodkin Arrow
38:11 Padded Archer Armor
39:05 Cavalier
40:23 Plate Barding Armor
40:58 Bracer
40:21 Elite Battle Elephant
42:06 Leather Archer Armor
41:17 Heavy Scorpion
43:14 Crop Rotation
43:18 Ring Archer Armor
44:23 Scale Mail Armor
46:39 Tusk Swords
49:24 Double Crossbow
49:58 Fortified Wall
51:57 Hoardings
54:28 Chain Mail Armor
68:34 Light Cavalry
69:32 Hussar
Rayo
11:24 Feudal Age
13:15 Double-Bit Axe
13:03 Man-at-Arms
15:17 Wheelbarrow
14:25 Horse Collar
21:00 Arson
30:40 Castle Age
35:15 Bow Saw
36:44 Heavy Plow
36:45 Gold Mining
36:46 Stone Mining
38:52 Husbandry
39:03 Bloodlines
40:57 Hand Cart
42:07 Stone Shaft Mining
42:08 Gold Shaft Mining
48:45 Imperial Age
53:29 Chemistry
60:40 Caravan
62:23 Two-Man Saw
62:37 Cavalier
Connection lost

Rejoining the realm…

Still unreachable

The connection could not be restored.

Session expired

The server has moved on; the page needs a fresh start.